 Dungeon Crawl Stone Soup version 0.30-a0-743-gbfdf073431 (webtiles) character file.

Game seed: 17341032188172661457

137232 hikkokomori the Fighter (level 16, -5/126 HPs)
             Began as a Demonspawn Gladiator on Feb 8, 2023.
             Was the Champion of Vehumet.
             Killed from afar by a shock serpent (9 damage)
             ... with an electric aura
             ... on level 4 of the Snake Pit.
             The game lasted 01:26:12 (29465 turns).

hikkokomori the Fighter (Demonspawn Gladiator)     Turns: 29465, Time: 01:26:13

Health: -5/126     AC: 15    Str: 13    XL:     16   Next: 68%
Magic:  23/30      EV: 19    Int: 12    God:    Vehumet [******]
Gold:   1125       SH:  0    Dex: 26    Spells: 8/35 levels left

rFire   . . .      SeeInvis .    v - +4 double sword (elec)
rCold   . . .      Faith    .    (no shield)
rNeg    + . .      Spirit   .    M - +0 swamp dragon scales
rPois   +          Reflect  .    S - +1 hat
rElec   .          Harm     .    (cloak unavailable)
rCorr   .          Rampage  +    j - -1 pair of gloves "Neazucha" {Rampage Str-4 Dex+8}
Will    ++++.      Clarity  +    q - +0 pair of boots
Stlth   ++++                     X - amulet of the Four Winds {rN+ Will+++ Clar}
HPRegen 0.41/turn                Q - +4 ring of protection
MPRegen 0.22/turn                f - ring of wizardry

@: no status effects
A: antennae 1, claws 2, ignite blood 3, spiny 1, weakness stinger 3
a: Renounce Religion


You were on level 4 of the Snake Pit.
You worshipped Vehumet.
Vehumet was exalted by your worship.
You visited 5 branches of the dungeon, and saw 27 of its levels.
You also visited: Gauntlet and Ice Cave.

You collected 3536 gold pieces.
You spent 2411 gold pieces at shops.

Inventory:

Hand Weapons
 v - a +4 double sword of electrocution (weapon)
 W - a +3 scimitar of flaming
Missiles
 d - 7 throwing nets (quivered)
 e - 12 javelins
 h - 8 curare-tipped darts
Armour
 j - the -1 pair of gloves "Neazucha" (worn) {Rampage Str-4 Dex+8}
   (You found it in a Gauntlet)

   Str:       It affects your strength (-4).
   Dex:       It affects your dexterity (+8).
   Rampage:   It bestows one free step when moving towards enemies.
 q - a +0 pair of boots (worn)
 w - the +1 robe of Tulips {Rampage rPois Int+4}
   (You took it off a gnoll on level 3 of the Dungeon)

   Int:       It affects your intelligence (+4).
   rPois:     It protects you from poison.
   Rampage:   It bestows one free step when moving towards enemies.
 y - a +2 troll leather armour
 M - +0 swamp dragon scales (worn)
 S - a +1 hat (worn)
 Z - a +1 tower shield of cold resistance
Magical Staves
 z - a staff of poison
Jewellery
 a - the ring "Ingung" {Will+ Str+6}
   (You found it in a Gauntlet)

   [ring of strength]

   Str:       It affects your strength (+6).
   Will:      It increases your willpower.
 f - a ring of wizardry (right hand)
 x - a ring of see invisible
 F - a ring of flight
 Q - a +4 ring of protection (left hand)
 X - the amulet of the Four Winds (around neck) {rN+ Will+++ Clar}
   (You bought it in a shop on level 3 of the Snake Pit)

   [amulet of nothing]

   rN:        It protects you from negative energy.
   Clar:      It protects you against confusion.
   Will:      It greatly increases your willpower.
Wands
 b - a wand of light (18)
 l - a wand of paralysis (38)
 C - a wand of mindburst (28)
 D - a wand of digging (5)
 G - a wand of flame (26)
 J - a wand of iceblast (30)
 O - a wand of polymorph (8)
Scrolls
 i - 4 scrolls of vulnerability
 s - 3 scrolls of brand weapon
 t - 13 scrolls of teleportation
 A - 2 scrolls of fear
 B - 2 scrolls of summoning
 H - 2 scrolls of silence
 K - 2 scrolls of poison
 L - 8 scrolls of blinking
 T - 4 scrolls of magic mapping
Potions
 c - a potion of lignification
 g - 4 potions of heal wounds
 k - 5 potions of brilliance
 n - 5 potions of flight
 o - 7 potions of curing
 p - 5 potions of ambrosia
 u - 3 potions of cancellation
 E - 2 potions of resistance
 I - 3 potions of mutation
 N - a potion of might
 P - 5 potions of attraction
 R - a potion of haste
 U - 2 potions of magic
Miscellaneous
 r - a phial of floods (inert)
 V - a tin of tremorstones (2/2)
 Y - a box of beasts


   Skills:
 + Level 11.5 Fighting
 + Level 9.4 Long Blades
 - Level 4.0 Throwing
 - Level 5.4 Armour
 + Level 10.8 Dodging
 - Level 8.2 Stealth
 - Level 5.6 Shields
 - Level 10.0 Spellcasting
 + Level 10.1 Conjurations
 - Level 3.2 Summonings
 - Level 5.7 Transmutations
 - Level 6.4 Fire Magic
 + Level 5.5 Ice Magic
 - Level 5.0 Air Magic
 - Level 6.3 Poison Magic
 + Level 7.0 Evocations


You had 8 spell levels left.
You knew the following spells:

 Your Spells              Type           Power      Damage    Failure   Level
a - Call Canine Familiar  Summ           13%        N/A       8%          3
c - Magic Dart            Conj           100%       1d8       1%          1
d - Foxfire               Conj/Fire      100%       2x1d9     1%          1
e - Ignite Poison         Fire/Tmut/Pois 20%        N/A       1%          3
f - Olgreb's Toxic Radia  Pois           21%        N/A       2%          4
g - Freezing Cloud        Conj/Ice/Air   11%        6-21      4%          5
h - Irradiate             Conj/Tmut      12%        3d15      3%          5
i - Arcjolt               Conj/Air       12%        1d22      3%          5

Your spell library contained the following spells:

 Spells                   Type           Power      Damage    Failure   Level
 Eringya's Noxious Bog    Tmut/Pois      10%        N/A       30%         6
 Sting                    Tmut/Pois      80%        1d7       1%          1
 Poisonous Vapours        Pois/Air       38%        N/A       1%          2
 Searing Ray              Conj           60%        2d6       1%          2
 Kindle Blastsparks       Fire/Tloc/Air  30%        2d12      1%          3
 Flame Wave               Conj/Fire      25%        2d8       1%          4
 Sticky Flame             Conj/Fire      25%        2d5       1%          4
 Iskenderun's Battlesphe  Conj           30%        2d8       1%          5
 Summon Small Mammal      Summ           52%        N/A       2%          1
 Inner Flame              Hex/Fire       13%        N/A       2%          3
 Fireball                 Conj/Fire      12%        3d7       2%          5
 Fulminant Prism          Conj/Hex       9%         3d7       3%          4
 Iskenderun's Mystic Bla  Conj/Tloc      18%        2d6       3%          4
 Apportation              Tloc           12%        N/A       10%         1
 Necrotise                Necr           24%        1d5       10%         1
 Slow                     Hex            24%        N/A       10%         1
 Lesser Beckoning         Tloc           12%        N/A       14%         2
 Summon Ice Beast         Ice/Summ       16%        N/A       16%         4
 Conjure Ball Lightning   Conj/Air       12%        3x3d6     17%         6
 Blade Hands              Tmut           9%         N/A       24%         5
 Confusing Touch          Hex            6%         N/A       26%         3
 Gell's Gravitas          Tloc           6%         N/A       26%         3
 Portal Projectile        Hex/Tloc       12%        N/A       26%         3
 Teleport Other           Tloc           6%         N/A       26%         3
 Tukima's Dance           Hex            6%         N/A       26%         3
 Vampiric Draining        Necr           6%         2d6       26%         3
 Orb of Destruction       Conj           15%        9d7       30%         7
 Iron Shot                Conj/Erth      9%         9d3       41%         6
 Lee's Rapid Deconstruct  Erth           3%         3d5*      50%         5
 Leda's Liquefaction      Hex/Erth       3%         N/A       65%         4
 Manifold Assault         Tloc           6%         N/A       65%         4
 Spellforged Servitor     Conj/Summ      11%        N/A       71%         7
 Summon Forest            Summ/Tloc      4%         N/A       77%         5
 Summon Mana Viper        Hex/Summ       9%         N/A       77%         5
 Statue Form              Tmut/Erth      8%         N/A       98%         6
 Summon Cactus Giant      Summ           6%         N/A       98%         6
 Dispersal                Tloc           3%         N/A       100%        6
 Monstrous Menagerie      Summ           6%         N/A       100%        7
 Disjunction              Tloc           3%         N/A       100%        8


Dungeon Overview and Level Annotations

Branches:
Dungeon (15/15)            Temple (1/1) D:6            Lair (5/5) D:11
 Shoals (0/4) Lair:3        Snake (4/4) Lair:3        Slime (0/5) Lair:5
    Orc (2/2) D:12            Elf (0/3) Orc:2        Vaults (0/5) D:13
 Depths (0/4) D:15          IceCv (visited)         Gauntlet (visited)

Altars:
Ashenzari
Cheibriados
Dithmenos
Fedhas
Gozag
Hepliaklqana
Kikubaaqudgha
Makhleb
Nemelex Xobeh
Okawaru
Qazlal
Ru
Sif Muna
Trog
Uskayaw
Vehumet
Wu Jian
Xom
Yredelemnul
Jiyva
Lugonu

Shops:
D:5 :   D:6 *   Orc:2 *[:(::   Snake:3 =:=

Portals:
Abyss: D:3

Annotations:
D:13 1 transporter
Snake:1 superbruh's ghost, journeyman MiFi
Snake:4 Vashnia


Innate Abilities, Weirdness & Mutations

You have a pair of small antennae on your head.
You have very sharp fingernails.
Your demonic aura causes all spilled blood to erupt in flames.
You are partially covered in sharp spines.
You have a sharp stinger which inflicts weakening toxins.


Message History

Vashnia unwields a +2 dire flail of protection.
Vashnia wields a +2 longbow of flaming.
It bursts into flame!
Vashnia shoots an arrow.
The arrow misses you.
You closely miss Vashnia.
You tail-slap Vashnia, but do no damage.
Vashnia is severely wounded.
A shock serpent comes into view.
Vashnia shoots an arrow.
The arrow hits you!!
* * * LOW HITPOINT WARNING * * *
The arrow burns you!
* * * LOW HITPOINT WARNING * * *
The shock serpent is engulfed in freezing vapours.
The shock serpent seems to slow down.
The shock serpent's electric aura discharges, shocking you!
* * * LOW HITPOINT WARNING * * *
The shock serpent is engulfed in blazing flames.
The shock serpent completely misses you.
Press: ? - help, v - describe, . - travel
Here: a shock serpent (flame, moderately wounded, slow)
An open door, spattered with blood.
Unknown command.
You closely miss the shock serpent.
The shock serpent is moderately wounded.
The shock serpent is engulfed in blazing flames.
The shock serpent barely misses you.
The shock serpent's electric aura discharges, shocking you!
* * * LOW HITPOINT WARNING * * *
Aiming: Bolt of Light
Press: ? - help, Shift-Dir - straight line, f - Vashnia
Aim: Vashnia, wielding a +2 longbow of flaming and wearing a +1 barding of flying (severely wounded, 51% to hit)
The bolt of light hits the shock serpent!
The shock serpent is severely wounded.
The shock serpent is blinded.
The bolt of light misses Vashnia.
The shock serpent's electric aura discharges, shocking you!
* * * LOW HITPOINT WARNING * * *
The shock serpent is engulfed in blazing flames.
The shock serpent is struck by your spines.
The shock serpent completely misses you.
The shock serpent's electric aura discharges, shocking you!
You die...

...................NN....
..........#########......
..................#......
....###...#.......#......
##### #...#.......# .....
+...#.......# .....
#...#.......# .... ##
####..##.......# .
.###.....#......@.# N..
.........########S#....N
...).............N.).....
.............######......
).....####'### { #.....
......#...## #'###
.)....#...# #..
[.....#...# ..#
......#...# .'


You could see Vashnia and a shock serpent (blind, slow).

Vanquished Creatures
  A frost giant (IceCv)
  A minotaur (Gauntlet)
  An ettin (Orc:2)
  5 hydras
  A rakshasa (D:14)
  A catoblepas (Lair:4)
  2 ogre magi (Orc:2)
  A salamander tyrant (Snake:4)
  3 boulder beetles
  2 centaur warriors (D:14)
  Erica (D:10)
  5 anacondas
  2 tengu warriors
  8 two-headed ogres
  17 death yaks
  10 naga sharpshooters
  A shock serpent (Snake:2)
  5 naga warriors
  Nergalle (D:10)
  A salamander mystic (Snake:4)
  2 deep trolls (Orc:2)
  2 orc knights
  2 wizards
  A deep elf pyromancer (D:12)
  Pikel (D:7)
  2 naga ritualists
  2 necromancers
  4 orc sorcerers
  A deep elf zephyrmancer (D:15)
  6 mana vipers
  2 oklob plants (D:11)
  5 manticores
  16 ugly things
  8 salamanders
  A moth of wrath (Gauntlet)
  2 centaur zombies (D:15)
  8 cyclopes
  2 guardian serpents (Snake:3)
  A torpor snail (Lair:3)
  An ice statue (IceCv)
  15 elephants
  20 black mambas
  12 naga magi
  A gargoyle (D:12)
  3 centaur skeletons
  11 cane toads
  5 rime drakes
  A freezing wraith (D:14)
  4 komodo dragons
  11 trolls
  The ghost of baller8008 the Conjurer, a novice DECj (D:5)
  14 polar bears
  A meliai (shapeshifter) (D:14)
  5 hornets (Lair:5)
  Grinder (D:3)
  11 blink frogs
  9 dream sheep
  3 flying skulls (Gauntlet)
  A vampire (D:9)
  2 water elementals
  17 slime creatures
  A centaur simulacrum (D:15)
  A wraith (D:11)
  12 spriggans (Lair:5)
  6 wyverns
  Eustachio (D:5)
  84 yaks
  4 basilisks
  2 large abominations (Gauntlet)
  4 redbacks (Gauntlet)
  4 vampire mosquitoes (D:14)
  Menkaure (D:5)
  2 wargs
  33 nagas
  8 water moccasins
  Duvessa (D:6)
  2 acid dragons
  An ice beast (D:8)
  13 orc warriors
  2 sky beasts (D:8)
  A hornet zombie (D:15)
  21 ogres
  4 black bears
  12 boggarts
  A centaur (D:6)
  31 wolves
  2 phantoms (D:5)
  14 bullfrogs
  5 kobold brigands
  6 scorpions
  A wyvern skeleton (D:5)
  3 wights (D:10)
  Dowan (D:6)
  6 killer bees (D:11)
  3 small abominations (Gauntlet)
  5 howler monkeys
  4 electric eels
  3 hounds
  An iron imp (D:6)
  6 jellies
  11 orc priests
  Ijyb (D:5)
  2 gnoll boudas
  3 iguanas
  16 orc wizards
  14 gnolls
  8 adders
  A shadow imp (D:7)
  16 white imps
  An ufetubus (D:4)
  2 dart slugs (D:2)
  45 orcs
  7 bats
  5 endoplasms
  4 giant cockroaches
  10 hobgoblins
  32 kobolds
  3 quokkas
  10 ball pythons
  7 frilled lizards
  9 goblins
  7 rats
812 creatures vanquished.

Vanquished Creatures (collateral kills)
  A jelly (D:8)
  2 gnolls (D:8)
  An orc (D:8)
  A foxfire (Lair:2)
5 creatures vanquished.

Vanquished Creatures (others)
  A gnoll (D:8)
  An orc (D:8)
  A quokka (D:14)
  A foxfire (Lair:2)
  13 fungi
  41 plants
  4 withered plants (Gauntlet)
62 creatures vanquished.

Grand Total: 879 creatures vanquished

Notes
Turn   | Place    | Note
-------+----------+-------------------------------------------
     0 | D:1      | hikkokomori the Demonspawn Gladiator began the quest for
                  | the Orb.
     0 | D:1      | Reached XP level 1. HP: 16/16 MP: 1/1
   186 | D:1      | Gained mutation: Your demonic aura sometimes causes spilled
                  | blood to erupt in flames. [demonic ancestry]
   186 | D:1      | Reached XP level 2. HP: 22/22 MP: 2/2
   248 | D:1      | Reached skill level 1 in Stealth
   586 | D:1      | Reached XP level 3. HP: 27/28 MP: 3/3
  1078 | D:2      | Reached skill level 3 in Fighting
  1078 | D:2      | Discovered your monstrous ancestry.
  1078 | D:2      | Gained mutation: You have sharp fingernails. [demonic
                  | ancestry]
  1078 | D:2      | Reached XP level 4. HP: 18/35 MP: 4/4
  1626 | D:3      | Found an ancient bone altar of Kikubaaqudgha.
  1740 | D:3      | Noticed Grinder
  1751 | D:3      | Gained mutation: You are partially covered in sharp spines.
                  | [demonic ancestry]
  1751 | D:3      | Reached XP level 5. HP: 26/41 MP: 5/5
  1767 | D:3      | Paralysed by Grinder for 2 turns
  1774 | D:3      | Killed Grinder
  1775 | D:3      | Reached skill level 4 in Fighting
  1775 | D:3      | Reached XP level 6. HP: 16/48 MP: 6/6
  1941 | D:3      | Identified the +1 robe of Tulips {Rampage rPois Int+4}
  2203 | D:3      | Found a one-way gate to the infinite horrors of the Abyss.
  2267 | D:3      | Found a large runed translucent door.
  2267 | D:3      | Found a large runed translucent door.
  2268 | D:3      | Found a corrupted altar of Lugonu.
  2741 | D:4      | Gained mutation: You have a small tail. [demonic ancestry]
  2741 | D:4      | Reached XP level 7. HP: 55/55 MP: 7/7
  3177 | D:5      | Entered Level 5 of the Dungeon
  3184 | D:5      | Found a runed translucent gate.
  3185 | D:5      | Found a runed translucent gate.
  3188 | D:5      | Found a runed translucent gate.
  3211 | D:5      | Noticed Ijyb
  3222 | D:5      | Killed Ijyb
  3263 | D:5      | Reached skill level 1 in Evocations
  3267 | D:5      | Learned a level 3 spell: Call Canine Familiar
  3274 | D:5      | Noticed Menkaure
  3279 | D:5      | Noticed Eustachio
  3288 | D:5      | Killed Menkaure
  3289 | D:5      | Reached skill level 5 in Fighting
  3289 | D:5      | Reached skill level 1 in Summonings
  3290 | D:5      | Found a burning altar of Makhleb.
  3315 | D:5      | Killed Eustachio
  3341 | D:5      | Gained mutation: Your demonic aura often causes spilled
                  | blood to erupt in flames. [demonic ancestry]
  3341 | D:5      | Reached XP level 8. HP: 56/63 MP: 6/8
  3638 | D:5      | Found Nueny's Book Boutique.
  3647 | D:5      | Reached skill level 6 in Fighting
  3664 | D:5      | Bought a book of Conjurations for 280 gold pieces
  3667 | D:5      | Learned a level 2 spell: Searing Ray
  3979 | D:5      | Noticed baller8008's ghost (novice DECj)
  4083 | D:6      | Found Ebli's General Store.
  4158 | D:6      | Reached skill level 1 in Spellcasting
  4158 | D:6      | Reached skill level 1 in Conjurations
  4261 | D:6      | Reached skill level 5 in Long Blades
  4275 | D:6      | Found a snail-covered altar of Cheibriados.
  4340 | D:6      | Noticed Dowan
  4341 | D:6      | Noticed Duvessa
  4345 | D:6      | Killed Dowan
  4349 | D:6      | Killed Duvessa
  4490 | D:6      | Found a staircase to the Ecumenical Temple.
  4596 | Temple   | Entered the Ecumenical Temple
  4759 | Temple   | Became a worshipper of Vehumet
  4991 | D:6      | Reached XP level 9. HP: 59/71 MP: 9/11
  6060 | D:7      | Noticed Pikel
  6067 | D:7      | Learned a level 1 spell: Magic Dart
  6085 | D:7      | Killed Pikel
  6086 | D:7      | Reached skill level 7 in Fighting
  6793 | D:8      | Reached skill level 1 in Armour
  6816 | D:8      | Reached * piety under Vehumet
  6816 | D:8      | Offered knowledge of Foxfire by Vehumet.
  6823 | D:8      | Learned a level 1 spell: Foxfire
  6901 | D:8      | HP: 1/72 [orc warrior/+0 morningstar (10)]
  7168 | D:8      | Gained mutation: You have very sharp fingernails. [demonic
                  | ancestry]
  7168 | D:8      | Reached XP level 10. HP: 56/79 MP: 11/15
  7177 | D:8      | Reached skill level 5 in Conjurations
  7321 | D:8      | Found an iron altar of Okawaru.
  7423 | D:8      | Found a broken altar of Ashenzari.
  7452 | D:8      | Offered knowledge of Sandblast by Vehumet.
  7453 | D:8      | Reached ** piety under Vehumet
  8142 | D:9      | Found a blossoming altar of Fedhas.
  8487 | D:9      | Reached skill level 5 in Dodging
  8983 | D:10     | Entered Level 10 of the Dungeon
  9053 | D:10     | Offered knowledge of Momentum Strike by Vehumet.
  9131 | D:10     | Noticed Erica
  9151 | D:10     | Killed Erica
  9152 | D:10     | Reached XP level 11. HP: 84/84 MP: 16/16
  9152 | D:10     | Noticed Nergalle
  9166 | D:10     | Killed Nergalle
  9167 | D:10     | Reached skill level 1 in Fire Magic
  9620 | D:10     | Reached skill level 5 in Armour
  9706 | D:10     | Reached *** piety under Vehumet
  9945 | D:11     | Noticed a brown ugly thing
  9954 | D:11     | Killed a brown ugly thing
  9954 | D:11     | Offered knowledge of Ignite Poison by Vehumet.
  9959 | D:11     | Learned a level 3 spell: Ignite Poison
  9964 | D:11     | Learned a level 4 spell: Olgreb's Toxic Radiance
 10156 | D:11     | Found a staircase to the Lair.
 10157 | D:11     | Noticed an oklob plant
 10161 | D:11     | Noticed an oklob plant
 10181 | D:11     | Killed an oklob plant
 10182 | D:11     | Reached skill level 1 in Poison Magic
 10204 | D:11     | Killed an oklob plant
 10205 | D:11     | Reached skill level 1 in Transmutations
 10901 | Lair:1   | Entered Level 1 of the Lair of Beasts
 11110 | Lair:1   | Found a frozen archway.
 11120 | Lair:1   | Reached **** piety under Vehumet
 11137 | Lair:1   | Offered knowledge of Stone Arrow by Vehumet.
 11211 | IceCv    | Entered an ice cave
 11487 | IceCv    | Gained mutation: You have a tail ending in a sharp stinger.
                  | [demonic ancestry]
 11487 | IceCv    | Reached XP level 12. HP: 91/91 MP: 17/17
 11771 | IceCv    | Reached skill level 5 in Evocations
 11889 | IceCv    | Reached skill level 5 in Fire Magic
 12174 | IceCv    | Noticed a death yak
 12174 | IceCv    | Reached ***** piety under Vehumet
 12175 | IceCv    | Offered knowledge of Freezing Cloud by Vehumet.
 12175 | IceCv    | Noticed a death yak
 12177 | IceCv    | Noticed a death yak
 12180 | IceCv    | Noticed a death yak
 12181 | IceCv    | Killed a death yak
 12182 | IceCv    | Reached skill level 5 in Poison Magic
 12185 | IceCv    | Killed a death yak
 12187 | IceCv    | Killed a death yak
 12191 | IceCv    | Killed a death yak
 12192 | IceCv    | Reached skill level 5 in Transmutations
 12378 | IceCv    | Noticed a death yak
 12378 | IceCv    | Noticed a death yak
 12379 | IceCv    | Noticed a death yak
 12379 | IceCv    | Noticed a death yak
 12379 | IceCv    | Noticed a frost giant
 12386 | IceCv    | Killed a death yak
 12388 | IceCv    | Killed a death yak
 12394 | IceCv    | Killed a death yak
 12401 | IceCv    | Killed a death yak
 12409 | IceCv    | Killed a frost giant
 13337 | Lair:1   | Reached skill level 5 in Spellcasting
 13852 | D:6      | Learned a level 5 spell: Freezing Cloud
 13857 | D:6      | Bought a scroll of acquirement for 572 gold pieces
 13857 | D:6      | Acquired a +1 double sword of electrocution
 13993 | Lair:2   | Reached XP level 13. HP: 94/96 MP: 18/20
 14196 | Lair:2   | Reached skill level 1 in Ice Magic
 14198 | Lair:2   | Reached skill level 1 in Air Magic
 14241 | Lair:2   | Reached skill level 5 in Stealth
 15374 | Lair:3   | Reached skill level 8 in Fighting
 15896 | Lair:3   | Found a staircase to the Snake Pit.
 16033 | Lair:3   | Offered knowledge of Irradiate by Vehumet.
 16040 | Lair:3   | Learned a level 5 spell: Irradiate
 16101 | Lair:3   | Found a staircase to the Shoals.
 16637 | Lair:4   | Gained mutation: You have a pair of small antennae on your
                  | head. [demonic ancestry]
 16637 | Lair:4   | Reached XP level 14. HP: 106/106 MP: 19/23
 17553 | Lair:5   | Entered Level 5 of the Lair of Beasts
 17594 | Lair:5   | Found a viscous altar of Jiyva.
 17597 | Lair:5   | Found a staircase to the Slime Pits.
 17618 | Lair:5   | Reached skill level 9 in Fighting
 18147 | Lair:5   | Paralysed by a hornet for 1 turns
 18205 | Lair:5   | Reached skill level 1 in Shields
 18431 | Lair:5   | Offered knowledge of Ozocubu's Refrigeration by Vehumet.
 19428 | D:12     | Found a gate leading to a gauntlet.
 19433 | Gauntlet | Entered a Gauntlet
 19433 | Gauntlet | Found a transporter.
 19433 | Gauntlet | Found a transporter.
 19443 | Gauntlet | Found a transporter.
 19447 | Gauntlet | Found a transporter.
 19462 | Gauntlet | Found a transporter.
 19465 | Gauntlet | Found a transporter.
 19469 | Gauntlet | Found a runed translucent door.
 19469 | Gauntlet | Found a runed translucent door.
 19479 | Gauntlet | Found a transporter.
 19493 | Gauntlet | Found a transporter.
 19513 | Gauntlet | Found a transporter.
 19517 | Gauntlet | Found a transporter.
 19525 | Gauntlet | Found a transporter.
 19529 | Gauntlet | Found a transporter.
 19584 | Gauntlet | Acquired 619 gold pieces
 19885 | Gauntlet | Identified the ring "Ingung" {Will+ Str+6}
 19924 | Gauntlet | Identified the -1 pair of gloves "Neazucha" {Rampage Str-4
                  | Dex+8}
 20198 | D:12     | Reached skill level 10 in Fighting
 20206 | D:12     | Found a staircase to the Orcish Mines.
 20339 | Orc:1    | Entered Level 1 of the Orcish Mines
 20657 | Orc:2    | Entered Level 2 of the Orcish Mines
 20666 | Orc:2    | Found a staircase to the Elven Halls.
 20694 | Orc:2    | Gained mutation: You have a sharp stinger which inflicts
                  | weakening toxins. [demonic ancestry]
 20694 | Orc:2    | Reached XP level 15. HP: 103/115 MP: 19/27
 20715 | Orc:2    | Reached ****** piety under Vehumet
 20941 | Orc:2    | Found Dithoecw's Book Emporium.
 20947 | Orc:2    | Offered knowledge of Arcjolt by Vehumet.
 21011 | Orc:2    | Learned a level 5 spell: Arcjolt
 21176 | Orc:2    | Found Kaazor's Book Boutique.
 21187 | Orc:2    | Found Amedweq's General Store.
 21192 | Orc:2    | Found Xicit Lyacai's Armour Emporium.
 21202 | Orc:2    | Found Ariff's Weapon Shoppe.
 21215 | Orc:2    | Found Ceza's Vocational Training.
 21856 | D:13     | Found a transporter.
 22288 | D:13     | Found a gate to the Vaults.
 22703 | D:13     | Found a bloodstained altar of Trog.
 22703 | D:13     | Found the +8 Wrath of Trog {antimagic, *Rage Rampage}
 23196 | D:14     | Reached skill level 5 in Shields
 23815 | D:14     | HP: 2/117 [red ugly thing (14)]
 24120 | D:14     | Reached skill level 11 in Fighting
 24412 | D:15     | Entered Level 15 of the Dungeon
 24797 | D:15     | Reached skill level 5 in Air Magic
 24918 | D:15     | Found a staircase to the Depths.
 25259 | Snake:1  | Entered Level 1 of the Snake Pit
 25277 | Snake:1  | Reached skill level 10 in Dodging
 25299 | Snake:1  | Offered knowledge of Eringya's Noxious Bog by Vehumet.
 25300 | Snake:1  | Gained mutation: Your demonic aura causes all spilled blood
                  | to erupt in flames. [demonic ancestry]
 25300 | Snake:1  | Reached XP level 16. HP: 112/125 MP: 12/29
 25926 | Snake:1  | Found a large runed translucent door.
 25926 | Snake:1  | Found a large runed translucent door.
 25932 | Snake:1  | Noticed superbruh's ghost (journeyman MiFi)
 26455 | D:5      | Bought a book of Power for 588 gold pieces
 26482 | D:5      | Killed baller8008's ghost
 27204 | Snake:2  | Reached skill level 10 in Spellcasting
 28118 | Snake:3  | Reached skill level 5 in Ice Magic
 28593 | Snake:3  | Found Aklew's Jewellery Emporium.
 28594 | Snake:3  | Found Ceysapoi's Book Boutique.
 28595 | Snake:3  | Found Ogam's Jewellery Emporium.
 28609 | Snake:3  | Bought the amulet of the Four Winds {rN+ Will+++ Clar} for
                  | 971 gold pieces
 28609 | Snake:3  | Found the amulet of the Four Winds {rN+ Will+++ Clar}
 28861 | Snake:4  | Entered Level 4 of the Snake Pit
 28871 | Snake:4  | Reached skill level 10 in Conjurations
 29060 | Snake:4  | Noticed Vashnia
 29465 | Snake:4  | HP: 4/126 [shock serpent/electric aura (8)]
 29465 | Snake:4  | Killed from afar by a shock serpent

Illustrated notes

Levels and vault maps discovered:
D:1:      nzn_arrival_settlement, layout_rooms, serial_bayou,
          serial_bayou_pond_d, serial_bayou_lagoon_a, serial_bayou_pond_b,
          serial_bayou_lagoon_b, serial_bayou_crossing, serial_bayou_pond_b,
          dk_noncrumbling_4
D:2:      layout_basic
D:3:      due_chaos_kobolds, layout_basic, amcnicky_altar_gilded,
          kiku_gazebo_pond_becter, dk_noncrumbling_2, nicolae_grassy_gnolls,
          uniq_grinder
D:4:      layout_rooms
D:5:      layout_basic, makhleb_heckhound_becter, gammafunk_ghost_necromancy,
          serial_shops, shop, uniq_ijyb, uniq_eustachio, uniq_menkaure
D:6:      layout_basic, slow_altar_1, temple_doors_e, serial_shops,
          nicolae_stop_n_shop_1, chequers_serial_rivers_micro_b,
          chequers_serial_rivers_small_a, interstate_on_off,
          minmay_misc_feat_doors, uniq_duvessa
D:7:      layout_basic, nicolae_elevator_lobby_asterisk, uniq_pikel
D:8:      layout_rooms, okawaru_altar_gauntlet_db, ashenzari_altar_1,
          serial_ice, serial_ice_n, serial_ice_m, serial_ice_h, serial_ice_f
D:9:      layout_basic, fedhas_ov_isle_minmay
D:10:     layout_cave_pools, hangedman_abyss_or_decor_lesser_grid,
          kennysheep_generic_room_9, uniq_nergalle, uniq_erica
D:11:     layout_gridville, dpeg_oklobed_lair
D:12:     layout_roguey, erik_orc_2, gauntlet_entry_generic,
          minmay_sticks_and_stones
D:13:     emtedronai_trogs_sanctum, layout_basic, david_vaults_1,
          nicolae_figureground_sparkle
D:14:     layout_stronghold, elyvilon_altar_4, minivault_14
D:15:     grunt_enter_depths_magical_seal, layout_gridville,
          minmay_large_rounded_square, minmay_misc_feat_x
Temple:   regret_index_temple_waves
Lair:1:   layout_cave_pods, portal_ice_cave_entry_imps, st_stairs_10,
          infiniplex_staircase_pool_2, grunt_megastairs_5, serial_bayou_shore_b
Lair:2:   layout_roguey, dreamdust_gnoll_shepherd, grunt_megastairs_4,
          serial_bayou_shore_a
Lair:3:   layout_small_grid, shoals_dummy_entry, guppyfry_snake_entry_garden,
          lemuel_fruit_tree
Lair:4:   layout_regular_city, lemuel_fruit_fields
Lair:5:   minmay_lair_end_enchanted_forest, layout_gridlike,
          nicolae_slime_entry_field_trip, guppyfry_lair_drakes
Snake:1:  layout_concentric_octagons, ebering_ghost_disaster_area,
          nicolae_snake_guarding_the_ruins
Snake:2:  layout_concentric_octagons
Snake:3:  layout_onion, minmay_shop_grove
Snake:4:  grunt_snake_rune_pools, layout_cave_town, nicolae_snake_bzzzt,
          uniq_bai_suzhen, uniq_vashnia
Orc:1:    layout_caves
Orc:2:    st_orc_open, layout_caves, serial_shops, shop, nicolae_shop_vocational

Skill      XL: |  1  2  3  4  5  6  7  8  9 10 11 12 13 14 15 16 |
---------------+-------------------------------------------------+-----
Stealth        | 1 2 3 4 7 8 |  8.2
Long Blades    | 3 4 5 6 7 8 9 |  9.4
Fighting       | 3 4 5 6 7 8 10 11 | 11.5
Throwing       | 2 3 4 |  4.0
Evocations     | 2 3 4 5 7 |  7.0
Summonings     | 2 3 |  3.2
Spellcasting   | 1 3 5 6 8 9 10 | 10.0
Conjurations   | 2 4 6 7 9 10 | 10.1
Armour         | 2 4 5 |  5.4
Dodging        | 3 5 6 7 8 10 | 10.8
Fire Magic     | 4 6 |  6.4
Poison Magic   | 3 6 |  6.3
Transmutations | 3 5 |  5.7
Ice Magic      | 3 5 |  5.5
Air Magic      | 3 5 |  5.0
Shields        | 3 5 |  5.6

Action                     |  1- 3 |  4- 6 |  7- 9 | 10-12 | 13-15 | 16-18 || total
---------------------------+-------+-------+-------+-------+-------+-------++-------
  Melee: Long sword        |   138 |    88 |   238 |   108 |       |       ||   572
         Punch             |     1 |     3 |     2 |     8 |    12 |     2 ||    28
         Tailslap          |       |       |    43 |    92 |   114 |    42 ||   291
         Scimitar          |       |       |       |   316 |     9 |       ||   325
         Double sword      |       |       |       |     4 |   593 |   186 ||   783
  Throw: Dart              |       |     4 |     3 |     2 |     1 |       ||    10
         Javelin           |       |     4 |       |       |       |       ||     4
         Throwing net      |       |       |       |     1 |       |       ||     1
   Cast: Call Canine Famil |       |       |     4 |     3 |     1 |       ||     8
         Searing Ray       |       |       |     1 |       |       |       ||     1
         Olgreb's Toxic Ra |       |       |       |     5 |    44 |     2 ||    51
         Ignite Poison     |       |       |       |     4 |    33 |       ||    37
         Freezing Cloud    |       |       |       |       |    34 |    32 ||    66
         Foxfire           |       |       |       |       |     1 |       ||     1
         Irradiate         |       |       |       |       |    10 |     1 ||    11
  Evoke: Wand              |       |     3 |     4 |     5 |    11 |     8 ||    31
         Tin of tremorston |       |       |       |     1 |       |       ||     1
         Phial of floods   |       |       |       |       |       |     1 ||     1
    Use: Scroll            |       |     2 |       |    17 |    14 |     6 ||    39
         Potion            |       |       |     3 |       |     4 |     1 ||     8
   Stab: Sleeping          |     4 |     1 |     7 |     4 |    21 |     9 ||    46
         Paralysed         |       |     3 |       |       |       |       ||     3
         Invisible         |       |       |     2 |       |       |     1 ||     3
         Held in net/web   |       |       |       |     3 |       |       ||     3
         Distracted        |       |       |       |       |     5 |     2 ||     7
 Armour: Leather armour    |    42 |       |       |       |       |       ||    42
         Ring mail         |       |    40 |    58 |       |       |       ||    98
         Swamp dragon scal |       |       |    39 |   152 |   281 |    48 ||   520
  Dodge: Dodged            |   114 |    78 |   149 |   309 |   513 |   139 ||  1302

Table legend: (Time is in decaauts)
 A = Elapsed time spent in this place.
 B = Non-inter-level travel time spent in this place.
 C = Inter-level travel time spent in this place.
 D = Time resting spent in this place.
 E = Time spent auto-exploring this place.
 F = Levels seen in this place.
 G = Mean time per level.
                   A        B        C        D        E       F      G
               +--------+--------+--------+--------+--------+-----+--------+
         Total |  29684 |  27830 |   1854 |   1841 |  20649 |  29 | 1023.6 |
       Dungeon |  15376 |  14287 |   1089 |    392 |  11356 |  15 | 1025.1 |
        Temple |    204 |    129 |     75 |      0 |      0 |   1 |  204.0 |
          Lair |   6761 |   6243 |    518 |     78 |   5141 |   5 | 1352.2 |
     Snake Pit |   3825 |   3689 |    136 |    521 |   2535 |   4 |  956.2 |
  Orcish Mines |   1054 |   1020 |     34 |    178 |    651 |   2 |  527.0 |
      Ice Cave |   1781 |   1781 |      0 |    407 |    937 |   1 | 1781.0 |
      Gauntlet |    679 |    679 |      0 |    265 |     28 |   1 |  679.0 |
               +--------+--------+--------+--------+--------+-----+--------+

Top non-repeatable levels by time:
   IceCv: 1781 daAuts
  Lair:5: 1655 daAuts
    D:14: 1563 daAuts
  Lair:2: 1446 daAuts
  Lair:3: 1414 daAuts
     D:6: 1380 daAuts
     D:7: 1299 daAuts
     D:9: 1275 daAuts
  Lair:1: 1251 daAuts
    D:11: 1246 daAuts
 Snake:3: 1233 daAuts
     D:3: 1161 daAuts
 Snake:2: 1071 daAuts
 Snake:1: 1054 daAuts
     D:8: 1042 daAuts
